 Dungeon Crawl Stone Soup version 0.16-a0-1970-g0967df0 (webtiles) character file.

1637 ztt the Caller (level 8, 0/57 HPs)
             Began as a Vampire Summoner on Nov 7, 2014.
             Was a Follower of Sif Muna.
             Shot with an arrow by a centaur (12 damage)
             ... on level 6 of the Dungeon.
             The game lasted 00:20:42 (6934 turns).

ztt the Caller (Vampire Summoner)                   Turns: 6934, Time: 00:20:43

Health: 0/57       AC:  2    Str:  8    XL:     8   Next: 66%
Magic:  19/19      EV: 15    Int: 18    God:    Sif Muna [*.....]
Gold:   343        SH:  0    Dex: 14    Spells: 3 memorised, 8 levels left

rFire  . . .     SeeInvis +     c - +2 dagger (venom)
rCold  + + .     Clarity  .     a - +0 robe
rNeg   + + .     SustAb   .     (no shield)
rPois  +         Gourm    .     (no helmet)
rElec  .         Spirit   .     (no cloak)
rCorr  .         Warding  .     (no gloves)
rMut   .         Stasis   .     (no boots)
MR     .....                    h - amulet of regeneration
Stlth  ++++......               u - ring of protection from cold
                                f - ring of see invisible

@: regenerating slowly, not resistant to hostile enchantments, stealthy
A: bottle blood, fangs 3, see invisible, spit poison 1, unbreathing
a: Spit Poison, Bat Form, Bottle Blood, Channel Energy, Renounce Religion


You were on level 6 of the Dungeon.
You worshipped Sif Muna.
Sif Muna was aware of your devotion.
You were very thirsty.

You visited 2 branches of the dungeon, and saw 7 of its levels.

You collected 343 gold pieces.

Inventory:

Hand weapons
 c - a +2 dagger of venom (weapon)
 e - a +0 short sword
 m - a +2 quarterstaff of protection
Armour
 a - a +0 robe (worn)
Jewellery
 f - a ring of see invisible (left hand)
 h - an amulet of regeneration (around neck)
 k - an uncursed amulet of faith
 u - a ring of protection from cold (right hand)
 y - a cursed ring of teleportation {unknown}
Magical devices
 o - a wand of disintegration (10)
 p - a wand of enslavement (24)
 t - a wand of magic darts (19)
 v - a wand of lightning (2)
 w - a wand of draining (4)
 x - a wand of slowing (27)
 z - a wand of cold (5)
 A - a wand of hasting (6)
Scrolls
 q - a scroll of noise
 r - 5 scrolls of remove curse
 s - 2 scrolls of magic mapping {unknown}
Potions
 g - 4 potions of lignification
 i - a potion of confusion
 j - 2 potions of heal wounds {unknown}
 l - a potion of magic
 n - 2 potions of cancellation
Books
 b - a book of Callings

   Spells                             Type                      Level
   *Summon Small Mammal               Summoning                    1
   Call Imp                           Summoning                    2
   *Call Canine Familiar              Summoning                    3
   Summon Guardian Golem              Hexes/Summoning              4
   Summon Lightning Spire             Summoning/Air                4
   *Summon Ice Beast                  Ice/Summoning                4


   Skills:
 + Level 2.7 Fighting
 + Level 2.9 Short Blades
 + Level 1.9 Staves
 + Level 6.2 Dodging
 + Level 6.1 Stealth
 + Level 4.8 Spellcasting
 + Level 6.6 Summonings


You had 8 spell levels left.
You knew the following spells:

 Your Spells              Type           Power        Failure   Level  Hunger
a - Summon Small Mammal   Summ           ####         1%          1    None
b - Call Canine Familiar  Summ           ####....     2%          3    ###....
c - Summon Ice Beast      Ice/Summ       ###.....     34%         4    ####...


Dungeon Overview and Level Annotations

Branches:
Dungeon (6/15)             Temple (1/1) D:4

Altars:
Ashenzari
Cheibriados
Dithmenos
Elyvilon
Fedhas
Gozag
Kikubaaqudgha
Makhleb
Nemelex Xobeh
Qazlal
Ru
Sif Muna
Trog
Vehumet
Yredelemnul
The Shining One

Shops:
D:5 *


Innate Abilities, Weirdness & Mutations

You heal slowly.
You can bottle blood from corpses.
You have razor-sharp teeth.
You have supernaturally acute eyesight.
You can survive without breathing.
You can spit poison.


Message History

You see here an arrow.
The centaur shoots an arrow.
The arrow hits you!
* * * LOW HITPOINT WARNING * * *
You see here an arrow.
The centaur shoots an arrow.
The arrow closely misses you.
Read which item? (? for menu, Esc to quit)
Okay, then.
Drink which item? (? for menu, Esc to quit)
You feel better.
The centaur shoots an arrow.
The arrow closely misses you.
The centaur shoots an arrow.
The arrow closely misses you.
The centaur shoots an arrow.
The arrow hits you!
* * * LOW HITPOINT WARNING * * *
You see here an arrow.
Drink which item? (? for menu, Esc to quit)
You feel better.
The centaur shoots an arrow.
The arrow hits you.
* * * LOW HITPOINT WARNING * * *
You see here 12 arrows.
The centaur shoots an arrow.
The arrow hits you!
You die...

#######
######....## #..(.#
#....#
############....#
#...............#
#.###############
#.# #.# #@# #(###
#(..# ### ##...##
##..###.....###
...=......(...#####
..P.P.............#
..P♣P♣P.o.(.P.P....
.PP♣PPc..(.P♣P....


You could see an orc warrior and a centaur.

Vanquished Creatures
  Grinder (D:3)
  A hungry ghost (D:5)
  Purgy (D:3)
  A sky beast (D:5)
  2 ogres
  An orc warrior (D:5)
  3 giant frogs (D:6)
  A gnoll sergeant (D:6)
  A scorpion (D:6)
  2 giant frog zombies
  3 hounds
  A jelly (D:5)
  An orc priest (D:6)
  3 worker ants
  2 iguanas (D:4)
  A gnoll (D:6)
  7 adders
  4 worms
  A giant mite (D:4)
  2 giant geckos
  3 oozes
  3 orcs
  2 giant cockroaches
  2 goblins
  10 hobgoblins
  4 jackals
  5 quokkas
  8 bats
  6 giant newts
  A gnoll skeleton (D:4)
  9 kobolds
  A kobold skeleton (D:5)
  5 rats
98 creatures vanquished.

Vanquished Creatures (collateral kills)
  The ghost of Kraw the Cutter, an experienced HaAK of Lugonu (D:5)
  An ogre (D:5)
  A centaur (D:5)
  Sigmund (D:2)
  A jelly (D:5)
  A gnoll (D:1)
  A goliath beetle zombie (D:4)
  2 oozes
  2 orcs (D:6)
  4 bats
  2 giant cockroaches
  7 goblins
  4 hobgoblins
  A quokka (D:3)
  A giant newt (D:2)
  3 jackals
  7 kobolds
  2 rats (D:1)
  A rat skeleton (D:4)
43 creatures vanquished.

Vanquished Creatures (others)
  21 hounds
  6 bats
  2 quokkas
  3 rats
32 creatures vanquished.

Grand Total: 173 creatures vanquished

Notes
Turn   | Place    | Note
--------------------------------------------------------------
     0 | D:1      | ztt, the Vampire Summoner, began the quest for the Orb.
     0 | D:1      | Reached XP level 1. HP: 13/13 MP: 3/3
   844 | D:1      | Reached XP level 2. HP: 16/19 MP: 2/4
  1388 | D:2      | Reached XP level 3. HP: 22/24 MP: 6/6
  1472 | D:2      | Learned a level 3 spell: Call Canine Familiar
  1783 | D:2      | Noticed Sigmund
  1814 | D:2      | Killed Sigmund
  1814 | D:2      | Reached XP level 4. HP: 21/31 MP: 4/8
  2200 | D:3      | Noticed Purgy
  2211 | D:3      | Killed Purgy
  2211 | D:3      | Reached XP level 5. HP: 31/36 MP: 7/11
  2242 | D:3      | Noticed Grinder
  2272 | D:3      | Paralysed by Grinder for 5 turns
  2282 | D:3      | Paralysed by Grinder for 6 turns
  2297 | D:3      | Killed Grinder
  2297 | D:3      | Reached skill level 1 in Fighting
  2297 | D:3      | Reached skill level 1 in Staves
  2297 | D:3      | Reached skill level 5 in Summonings
  2297 | D:3      | Reached XP level 6. HP: 15/43 MP: 7/13
  3550 | D:4      | Found a staircase to the Ecumenical Temple.
  3587 | D:4      | Reached skill level 1 in Short Blades
  3991 | Temple   | Entered the Ecumenical Temple
  4076 | Temple   | Became a worshipper of Sif Muna the Loreminder
  4326 | D:5      | Entered Level 5 of the Dungeon
  4386 | D:5      | Reached XP level 7. HP: 15/48 MP: 5/15
  4609 | D:5      | Reached skill level 5 in Stealth
  4761 | D:5      | Noticed a hungry ghost
  4769 | D:5      | Noticed Kraw's ghost (experienced HaAK)
  4779 | D:5      | Killed a hungry ghost
  4779 | D:5      | Reached skill level 5 in Dodging
  4871 | D:5      | Killed Kraw's ghost
  4871 | D:5      | Reached skill level 6 in Summonings
  4935 | D:5      | Reached XP level 8. HP: 34/56 MP: 7/18
  5196 | D:5      | Found Oluzuf's General Store.
  5395 | D:5      | Found a basalt altar of Yredelemnul.
  5396 | D:5      | Found a white marble altar of Elyvilon.
  5758 | D:5      | Found a staircase to the Ecumenical Temple.
  5774 | D:5      | Acquired Sif Muna's first power
  5915 | D:6      | Found a stormy altar of Qazlal.
  5955 | D:6      | Learned a level 4 spell: Summon Ice Beast
  6423 | D:6      | Gained mutation: You can spit poison. [potion of beneficial mutation]
  6508 | D:6      | Found a bloodstained altar of Trog.
  6511 | D:6      | Found a radiant altar of Vehumet.
  6934 | D:6      | Shot with an arrow by a centaur

Action                   |  1- 3 |  4- 6 |  7- 9 || total
-------------------------+-------+-------+-------++-------
Melee: Short sword       |    66 |       |       ||    66
       Unarmed           |     2 |       |       ||     2
       Quarterstaff      |       |    52 |       ||    52
       Dagger            |       |    85 |   165 ||   250
 Cast: Summon Small Mamm |    39 |     1 |       ||    40
       Call Canine Famil |     2 |    11 |    24 ||    37
  Use: Scroll            |       |     9 |     9 ||    18
       Potion            |       |       |     3 ||     3
 Stab: Sleeping          |     2 |     4 |     8 ||    14
  Eat: Corpse            |     2 |     4 |     9 ||    15
